 Dungeon Sprint DCSS version 0.29-a0-409-gd843f3a48c (webtiles) character file.

Game seed: 5268915119013828976

26479 mhtbhm the Executioner (level 12, -21/140 HPs)
             Began as a Minotaur Berserker on May 14, 2022.
             Was the Champion of Trog.
             Demolished by a vampire knight
             ... wielding a +0 dire flail
              (29 damage)
             ... while paralysed by a vampire knight
             ... in the Dungeon (Sprint III: "The Ten Rune Challenge").
             The game lasted 00:09:21 (7486 turns).

mhtbhm the Executioner (Minotaur Berserker)         Turns: 7486, Time: 00:09:22

Health: -21/140    AC: 13    Str: 30    XL:     12   Next: 98%
Magic:  11/11      EV:  2    Int:  6    God:    Trog [******]
Gold:   3413       SH:  0    Dex:  5    Spells: 11/11 levels left

rFire   + + .      SeeInvis .   a - +9 battleaxe of Nefoh {vorpal, rF+}
rCold   . . .      Faith    .   (shield currently unavailable)
rNeg    . . .      Spirit   .   b - +1 scale mail {rF+}
rPois   .          Reflect  .   (helmet restricted)
rElec   .          Harm     .   (no cloak)
rCorr   .          Rampage  .   (no gloves)
Will    +....      NoTele   +   q - +1 pair of boots of Joesyluu {Str+3 Int+2 Dex-5}
Stlth   +.........              (no amulet)
HPRegen 0.33/turn               s - +4 ring of evasion
MPRegen 0.12/turn               (no ring)

@: paralysed
A: horns 2, retaliatory headbutt, hooves 1, strong-willed 1, MP-powered wands
a: Renounce Religion, Berserk, Trog's Hand, Brothers in Arms


You were in the Dungeon.
You worshipped Trog.
Trog was exalted by your worship.
You visited 1 branch You collected 4359 gold pieces.
You spent 946 gold pieces at shops.

Inventory:

Hand Weapons
 a - the +9 battleaxe of Nefoh (weapon) {vorpal, rF+}
   (Trog gifted it to you in the Dungeon)

   It inflicts extra damage upon your enemies.
   rF:        It protects you from fire.
 r - a +4 executioner's axe of flaming
Missiles
 d - 7 silver javelins (quivered)
 h - 7 curare-tipped darts
Armour
 b - a +1 scale mail of fire resistance (worn)
 q - the +1 pair of boots of Joesyluu (worn) {Str+3 Int+2 Dex-5}
   (You bought it in a shop in the Dungeon)

   Str:       It affects your strength (+3).
   Int:       It affects your intelligence (+2).
   Dex:       It affects your dexterity (-5).
Jewellery
 s - a +4 ring of evasion (left hand)
Wands
 o - a wand of digging (7)
Scrolls
 i - 3 scrolls of enchant weapon {unknown}
 j - 2 scrolls of immolation {unknown}
 k - a scroll of magic mapping {unknown}
 m - a scroll of identify {unknown}
 t - a scroll of blinking
Potions
 c - a potion of curing
 e - 3 potions of haste
 f - 2 potions of magic
 g - a potion of berserk rage
 l - 3 potions of flight
 n - 4 potions of mutation
Miscellaneous
 p - a condenser vane


   Skills:
 + Level 23.0 Fighting
 + Level 24.6 Axes
 + Level 15.2 Armour
 + Level 14.2 Dodging
 + Level 6.0 Stealth
 + Level 2.0 Evocations


You had 11 spell levels left.
You didn't know any spells.
Your spell library was empty.

Dungeon Overview and Level Annotations

Branches:
Dungeon (1/1)

Altars:
Cheibriados
Dithmenos
Elyvilon
Fedhas
Gozag
Hepliaklqana
Kikubaaqudgha
Makhleb
Nemelex Xobeh
Okawaru
Qazlal
Ru
Sif Muna
Trog
Uskayaw
Vehumet
Wu Jian
Xom
Yredelemnul
Zin
The Shining One
Beogh
Jiyva
Lugonu

Shops:
D [:!(=![::[[?


Innate Abilities, Weirdness & Mutations

You have a pair of horns on your head.
You reflexively headbutt those who attack you in melee.
You have large cloven feet.
You are strong-willed. (Will+)
You expend magic power (3 MP) to strengthen your wands.


Message History

You hit the vampire knight but do no damage.
The vampire knight is moderately damaged.
The vampire knight hits you with a +0 dire flail!!
The vampire knight completely misses you.
You chop the vampire knight into pieces!!!
The vampire knight is almost destroyed.
The vampire knight hits you with a +0 dire flail!!
The vampire knight bites you.
The vampire knight draws strength from your injuries!
You hit the vampire knight but do no damage.
The vampire knight is almost destroyed.
The vampire knight draws life force from you!!
* * * LOW HITPOINT WARNING * * *
The vampire knight is healed by the life force!
You hit the vampire knight.
Your headbutt misses the vampire knight.
The vampire knight is almost destroyed.
You barely miss the vampire knight.
You headbutt the vampire knight, but do no damage.
The vampire knight is almost destroyed.
The vampire knight casts a spell.
The vampire knight flickers and vanishes!
Deactivating autopickup; reactivate with Ctrl-A.
You barely miss something.
You hear some strange, mumbled words.
You suddenly lose the ability to move!
Something draws life force from you!
* * * LOW HITPOINT WARNING * * *
Something hits you.
* * * LOW HITPOINT WARNING * * *
Something bites you.
* * * LOW HITPOINT WARNING * * *
Something draws strength from your injuries!
Something hits you!!
* * * LOW HITPOINT WARNING * * *
Something completely misses you.
You hear some strange, mumbled words.
Something tries to affect you, but you resist.
Something hits you!!
You die...

∩∩.∩.#.....#)#..#......#
.....#.#.#.).#..#......#
#''###..#..#.#..#......#
⌠..⌠.#)....###########'#
.....####### #######.#
.....# #)#.#.#.# .....#
#+#+#+#'#)#)#'# .....#
.........)....# ######
.^..^..@^.....#
#+#+#+#{#'#)#'#
#$#.#.#(# ▓▓▓▓▓▓▓▓▓


There were no monsters in sight!

Vanquished Creatures
  2 bone dragons (D)
  Dowan (D)
  A vampire knight (D)
  A fire dragon (D)
  A yaktaur captain (D)
  2 centaur warriors (D)
  Erica (D)
  4 dancing weapons (D)
  2 orc high priests (D)
  Urug (D)
  4 skeletal warriors (D)
  A death drake (shapeshifter) (D)
  A lindwurm (D)
  A lindwurm (shapeshifter) (D)
  An orange crystal statue (D)
  2 deep elf pyromancers (D)
  2 deep elf zephyrmancers (D)
  3 ugly things (D)
  A cyclops (shapeshifter) (D)
  An orc sorcerer (D)
  2 cane toads (D)
  2 unseen horrors (D)
  A rime drake (D)
  A komodo dragon (D)
  A queen bee (D)
  4 spriggan defenders (D)
  2 tyrant leeches (D)
  A slime creature (D)
  A snapping turtle (shapeshifter) (D)
  A shadow (D)
  3 redbacks (D)
  A spatial vortex (D)
  A swamp drake (D)
  3 wandering mushrooms (D)
  2 orc warriors (D)
  2 centaurs (D)
  An earth elemental (D)
  A necrophage (D)
  A water elemental (D)
  32 killer bees (D)
  A jelly (D)
  4 orc priests (D)
  Jessica (D)
  A wizard (D)
  A necromancer (D)
  An orc wizard (D)
  3 humans (D)
  A kobold demonologist (D)
  A phantom (D)
  12 orcs (D)
  2 endoplasms (D)
  A rat (D)
  2 bushes (D)
  A plant (D)
128 creatures vanquished.

Vanquished Creatures (collateral kills)
  Duvessa (D)
1 creature vanquished.

Vanquished Creatures (others)
  A deep elf knight (D)
  A bush (D)
  12 plants (D)
14 creatures vanquished.

Grand Total: 143 creatures vanquished

Notes
Turn   | Place    | Note
-------+----------+-------------------------------------------
     0 | D        | mhtbhm the Minotaur Berserker began the quest for the Orb.
     0 | D        | Reached XP level 1. HP: 19/19 MP: 0/0
     7 | D        | Reached skill level 4 in Axes
   178 | D        | Noticed Jessica
   182 | D        | Reached ** piety under Trog
   184 | D        | Killed Jessica
   185 | D        | Reached skill level 5 in Fighting
   185 | D        | Reached skill level 5 in Axes
   185 | D        | Reached XP level 2. HP: 17/30 MP: 1/1
   185 | D        | Reached XP level 3. HP: 21/37 MP: 2/2
   369 | D        | Reached skill level 6 in Axes
   441 | D        | Gained mutation: You are strong-willed. (Will+) [potion of
                  | mutation]
   441 | D        | Gained mutation: You expend magic power (3 MP) to
                  | strengthen your wands. [potion of mutation]
   441 | D        | Gained mutation: You have large cloven feet. [potion of
                  | mutation]
   458 | D        | Noticed a water elemental
   463 | D        | Killed a water elemental
   463 | D        | Reached *** piety under Trog
   464 | D        | Reached skill level 8 in Axes
   464 | D        | Reached XP level 4. HP: 47/47 MP: 3/3
   522 | D        | Found a basalt altar of Yredelemnul.
   522 | D        | Found a shadowy altar of Dithmenos.
   522 | D        | Found a sacrificial altar of Ru.
   522 | D        | Noticed a necrophage
   528 | D        | Killed a necrophage
   529 | D        | Reached skill level 9 in Axes
   529 | D        | Reached XP level 5. HP: 27/56 MP: 4/4
   852 | D        | Found a radiant altar of Vehumet.
   852 | D        | Found a shimmering blue altar of Sif Muna.
   852 | D        | Found an ancient bone altar of Kikubaaqudgha.
   854 | D        | Reached **** piety under Trog
   855 | D        | Reached skill level 10 in Axes
   859 | D        | Reached skill level 5 in Dodging
   922 | D        | Found a hide-covered altar of Uskayaw.
   922 | D        | Found an iron altar of Okawaru.
   922 | D        | Found a bloodstained altar of Trog.
   922 | D        | Found an ornate altar of the Wu Jian Council.
   922 | D        | Noticed a human
   923 | D        | Noticed a human
   927 | D        | Killed a human
   928 | D        | Reached skill level 10 in Fighting
   928 | D        | Reached skill level 11 in Axes
   928 | D        | Reached skill level 5 in Armour
   928 | D        | Reached XP level 6. HP: 47/67 MP: 5/5
   929 | D        | Found a glowing silver altar of Zin.
   929 | D        | Found a glowing golden altar of the Shining One.
   929 | D        | Found a white marble altar of Elyvilon.
   929 | D        | Noticed a deep elf pyromancer
   934 | D        | Killed a human
   935 | D        | Reached skill level 12 in Axes
   935 | D        | Reached XP level 7. HP: 58/74 MP: 6/6
   937 | D        | Killed a deep elf pyromancer
   937 | D        | Reached ***** piety under Trog
   938 | D        | Reached skill level 14 in Axes
  1093 | D        | Noticed a shadow
  1100 | D        | Killed a shadow
  1101 | D        | Reached XP level 8. HP: 84/86 MP: 7/7
  1211 | D        | Found a blossoming altar of Fedhas.
  1211 | D        | Found a stormy altar of Qazlal.
  1211 | D        | Found a snail-covered altar of Cheibriados.
  1211 | D        | Found a burning altar of Makhleb.
  1211 | D        | Found a shimmering altar of Xom.
  1212 | D        | Found a hazy altar of Hepliaklqana.
  1212 | D        | Found an opulent altar of Gozag.
  1212 | D        | Found a sparkling altar of Nemelex Xobeh.
  1212 | D        | Found a corrupted altar of Lugonu.
  1212 | D        | Found a viscous altar of Jiyva.
  1224 | D        | Reached skill level 15 in Axes
  1275 | D        | Noticed Erica
  1290 | D        | Killed Erica
  1291 | D        | Reached skill level 16 in Axes
  1291 | D        | Reached skill level 1 in Stealth
  1585 | D        | Noticed a centaur warrior
  1591 | D        | Reached XP level 9. HP: 73/96 MP: 8/8
  1593 | D        | Killed a centaur warrior
  1594 | D        | Reached skill level 15 in Fighting
  1594 | D        | Reached skill level 17 in Axes
  1930 | D        | Killed an unseen horror
  1933 | D        | HP: 4/100 [something (4)]
  1938 | D        | HP: 1/150 [something (11)]
  1939 | D        | Killed an unseen horror
  1940 | D        | Reached skill level 18 in Axes
  2325 | D        | Noticed a wandering mushroom
  2329 | D        | Noticed a wandering mushroom
  2331 | D        | Noticed a wandering mushroom
  2342 | D        | Reached ****** piety under Trog
  2342 | D        | Received a gift from Trog
  2468 | D        | Killed a wandering mushroom
  2565 | D        | Noticed a cane toad
  2565 | D        | Noticed a komodo dragon
  2565 | D        | Noticed a cane toad
  2570 | D        | Killed a cane toad
  2571 | D        | Reached skill level 10 in Dodging
  2571 | D        | Reached XP level 10. HP: 108/108 MP: 9/9
  2573 | D        | Killed a cane toad
  2622 | D        | Reached skill level 19 in Axes
  2813 | D        | Received a gift from Trog
  3165 | D        | Noticed a lindwurm
  3168 | D        | Killed a lindwurm
  3179 | D        | Noticed Urug
  3184 | D        | Killed Urug
  3374 | D        | Found Soniad's Antique Armour Emporium.
  3374 | D        | Noticed an orc sorcerer
  3375 | D        | Noticed an orc high priest
  3376 | D        | Noticed a rust devil
  3376 | D        | Received a gift from Trog
  3377 | D        | Noticed a rust devil
  3379 | D        | Killed an orc high priest
  3379 | D        | Received a gift from Trog
  3381 | D        | Killed an orc sorcerer
  3382 | D        | Reached skill level 20 in Axes
  3382 | D        | Reached skill level 5 in Stealth
  3387 | D        | Reached XP level 11. HP: 121/121 MP: 10/10
  3391 | D        | Received a gift from Trog
  3442 | D        | Bought a shiny chain mail for 202 gold pieces
  3443 | D        | Bought a runed scale mail for 189 gold pieces
  3537 | D        | Noticed a deep elf pyromancer
  3537 | D        | Noticed a deep elf zephyrmancer
  3537 | D        | Noticed a deep elf pyromancer
  3537 | D        | Noticed a deep elf knight
  3537 | D        | Noticed a deep elf zephyrmancer
  3546 | D        | Killed a deep elf zephyrmancer
  3548 | D        | Killed a deep elf knight
  3552 | D        | Killed a deep elf pyromancer
  3553 | D        | Killed a deep elf zephyrmancer
  3676 | D        | Received a gift from Trog
  3676 | D        | Received a gift from Trog
  3692 | D        | Received a gift from Trog
  3703 | D        | Received a gift from Trog
  3706 | D        | Reached skill level 1 in Evocations
  3710 | D        | Reached skill level 21 in Axes
  4054 | D        | Noticed Dowan
  4054 | D        | Noticed Duvessa
  4060 | D        | Killed Dowan
  4060 | D        | Received a gift from Trog
  4067 | D        | Killed Duvessa
  4614 | D        | Noticed an orange crystal statue
  4626 | D        | Killed an orange crystal statue
  4693 | D        | Found Osugul's Armour Emporium.
  4693 | D        | Found Delokhyosk's Magic Scroll Shoppe.
  4693 | D        | Found Jeenumei's Distillery.
  4693 | D        | Found Amid's Book Emporium.
  4693 | D        | Found Zinoid's Armour Shop.
  4693 | D        | Found Yfadimef's Antique Armour Emporium.
  4693 | D        | Found Wait's Book Boutique.
  4694 | D        | Found Pewiaz's Jewellery Boutique.
  4694 | D        | Found Lowoca's Antique Weapon Shoppe.
  4694 | D        | Found Totocovo's Distillery.
  4694 | D        | Found Siopn's Book Emporium.
  4731 | D        | Bought a pair of fine boots for 275 gold pieces
  4731 | D        | Identified the +1 pair of boots of Joesyluu {Str+3 Int+2
                  | Dex-5} (You bought it in a shop in the Dungeon)
  4745 | D        | Bought 2 potions of haste for 280 gold pieces
  4777 | D        | Reached skill level 22 in Axes
  4778 | D        | Identified the +9 battleaxe of Nefoh {vorpal, rF+} (Trog
                  | gifted it to you in the Dungeon)
  4778 | D        | Received a gift from Trog
  4787 | D        | Reached skill level 10 in Armour
  5068 | D        | Noticed a skeletal warrior
  5073 | D        | Killed a skeletal warrior
  5259 | D        | Noticed a mana viper
  5259 | D        | a mana viper changed into a cyclops
  5296 | D        | Noticed a cyan ugly thing
  5302 | D        | Noticed a yaktaur captain
  5302 | D        | Noticed a glowing orange brain
  5304 | D        | a glowing orange brain changed into an eye of devastation
  5308 | D        | Killed a cyan ugly thing
  5309 | D        | Noticed a death drake
  5309 | D        | an eye of devastation changed into a death drake
  5316 | D        | Killed a death drake
  5317 | D        | Reached XP level 12. HP: 88/134 MP: 11/11
  5352 | D        | Killed a yaktaur captain
  5353 | D        | Reached skill level 23 in Axes
  5354 | D        | Received a gift from Trog
  5657 | D        | Noticed a centaur warrior
  5663 | D        | Killed a centaur warrior
  5713 | D        | Noticed a fire dragon
  5722 | D        | Killed a fire dragon
  6032 | D        | Received a gift from Trog
  6043 | D        | HP: 6/136 [poisoned by a +2 halberd of venom]
  6412 | D        | Reached skill level 24 in Axes
  6950 | D        | Noticed a bone dragon
  6967 | D        | HP: 10/205 [bone dragon (22)]
  6968 | D        | Killed a bone dragon
  7381 | D        | Noticed a vampire knight
  7385 | D        | Killed a vampire knight
  7385 | D        | Received a gift from Trog
  7387 | D        | Noticed a bone dragon
  7396 | D        | Killed a bone dragon
  7397 | D        | Reached skill level 15 in Armour
  7474 | D        | Noticed a vampire knight
  7481 | D        | Paralysed by something for 5 turns
  7484 | D        | HP: 7/140 [something (18)]
  7486 | D        | Demolished by a vampire knight

Illustrated notes

Levels and vault maps discovered:
D:        dungeon_sprint_mu [sprint_mu_entry_forest, sprint_mu_temple_rooms,
          sprint_mu_d1_horrors, sprint_mu_d2_genie, sprint_mu_d3_branching,
          sprint_mu_orc_legion, sprint_mu_elf_gauntlet, sprint_mu_hive_nellie,
          sprint_mu_lair_fedhas, sprint_mu_vaults_butterflies,
          sprint_mu_slime_circle, sprint_mu_swamp_cave, sprint_mu_shoals_archi,
          sprint_mu_blade_basic, sprint_mu_crypt_chambers,
          sprint_mu_tomb_spiral, sprint_mu_vestibule_basic,
          sprint_mu_gehenna_hellfire, sprint_mu_dis_giant,
          sprint_mu_tartarus_statrot, sprint_mu_cocytus_islands, sprint_mu_zot1]

Skill      XL: |  1  2  3  4  5  6  7  8  9 10 11 12 |
---------------+-------------------------------------+-----
Fighting       | 5 7 8 10 11 13 14 16 18 20 23 | 23.0
Axes           | 5 8 9 11 12 14 16 18 20 22 24 | 24.6
Armour         | 3 4 5 6 10 15 | 15.2
Dodging        | 3 4 5 7 8 10 12 13 14 | 14.2
Stealth        | 1 2 5 6 |  6.0
Evocations     | 1 2 |  2.0

Action                   |  1- 3 |  4- 6 |  7- 9 | 10-12 || total
-------------------------+-------+-------+-------+-------++-------
Melee: Hand axe          |    25 |    23 |    85 |    18 ||   151
       Headbutt          |     2 |     7 |    12 |    48 ||    69
       Kick              |     1 |     7 |    33 |    37 ||    78
       Punch             |       |       |     2 |       ||     2
       Battleaxe         |       |       |       |   155 ||   155
       Executioner's axe |       |       |       |    64 ||    64
Invok: Berserk           |     3 |     1 |     4 |     9 ||    17
       Brothers in Arms  |       |       |       |     1 ||     1
Evoke: Condenser vane    |       |       |       |     3 ||     3
       Wand              |       |       |       |     1 ||     1
  Use: Potion            |     1 |       |     1 |     1 ||     3
       Scroll            |       |       |       |     1 ||     1
 Stab: Sleeping          |       |       |       |     2 ||     2
Armor: Animal skin       |     1 |     1 |    11 |       ||    13
       Scale mail        |       |       |       |    49 ||    49
Dodge: Dodged            |     8 |    11 |    39 |   140 ||   198

Table legend: (Time is in decaauts)
 A = Elapsed time spent in this place.
 B = Non-inter-level travel time spent in this place.
 C = Inter-level travel time spent in this place.
 D = Time resting spent in this place.
 E = Time spent auto-exploring this place.
 F = Levels seen in this place.
 G = Mean time per level.
                   A        B        C        D        E       F      G
               +--------+--------+--------+--------+--------+-----+--------+
         Total |   7597 |   7556 |     41 |   6292 |     30 |   1 | 7597.0 |
       Dungeon |   7597 |   7556 |     41 |   6292 |     30 |   1 | 7597.0 |
               +--------+--------+--------+--------+--------+-----+--------+

Top non-repeatable levels by time:
       D: 7597 daAuts
